cohdb
Replays
Latest Replays
All Replays
Popular Replays
Top Player Replays
Match Explorer
How It Works
Community
CoH3 Stats
Reddit
Sign in to upload your games and track your stats! →
Sign in with Steam
Match 28398551
Unlisted
Match 28398551
Overview
Messages
Build Orders
End
Construct Barracks
Riflemen Squad
Riflemen Squad
Selects Advanced Infantry Battlegroup
Riflemen Squad
Selects Artillery Observers
Riflemen Squad
Construct Medical Station
Infantry Support Center
Construct Motor Pool
M8 Greyhound Armored Car
Selects Convert to Ranger Squad
Selects Frontline Medical Station
Grenade Package
M1 Mortar Team
M1918 Browning Automatic Rifles
M1 Mortar Team
Engineer Squad
Convert to Ranger Squad
Construct Tank Depot
Selects Infantry Assault
Selects M2A1 105mm Howitzer Emplacement
M4A1 Sherman Medium Tank
M4A1 Sherman Medium Tank
M4A1 Sherman Medium Tank
Survival Training
Infantry Assault
Engineer Squad
Wrathment
Sekkonds
0
0
Comments
sign in to comment!
No comments posted yet!